cohdb
Replays
Latest Replays
All Replays
Popular Replays
Top Player Replays
Match Explorer
How It Works
Community
CoH3 Stats
Reddit
Sign in to upload your games and track your stats! →
Sign in with Steam
2v2 Elo around 1600
Match 33200963
Overview
Messages
Build Orders
End
Construct Infanterie Kompanie
Kettenkrad Recon Vehicle
Grenadier Squad
Grenadier Squad
Grenadier Squad
MG 42 Machine Gun Team
Infanterie Officer Quarters
Construct Luftwaffe Kompanie
Jäger Squad
Pioneer Squad
Support Elements
Jäger Squad
Selects Breakthrough Battlegroup
Selects 2.5-tonne Cargo Truck
Selects Blitzkrieg
2.5-tonne Cargo Truck
Wirbelwind Flakpanzer
Marder III M Tank Destroyer
Jäger Squad
Marder III M Tank Destroyer
Marder III M Tank Destroyer
Pin0kyo
John Bigby
Der schöne Bob
4-in-1 Petrol lawnmower
0
0
Comments
sign in to comment!
No comments posted yet!